 Dungeon Crawl Stone Soup version 0.19.5 (webtiles) character file.

1236 mike2R the Gusty (level 8, -5/45 HPs)
             Began as a Tengu Air Elementalist on Apr 24, 2017.
             Was a Priest of Vehumet.
             Slain by an ogre
             ... wielding a +0 giant club
              (29 damage)
             ... on level 6 of the Dungeon.
             The game lasted 00:56:11 (7609 turns).

mike2R the Gusty (Tengu Air Elementalist)           Turns: 7609, Time: 00:56:14

Health: -5/45      AC:  5    Str:  9    XL:     8   Next: 49%
Magic:  14/24      EV: 12    Int: 17    God:    Vehumet [***...]
Gold:   276        SH:  7    Dex: 15    Spells: 5 memorised, 2 levels left

rFire  . . .     SeeInvis .     a - +1 spear (pierce)
rCold  . . .     Gourm    .     I - +0 leather armour
rNeg   . . .     Faith    .     l - +2 buckler
rPois  .         Spirit   .     (helmet restricted)
rElec  .         Reflect  .     H - +0 cloak
rCorr  .         Harm     .     r - +0 pair of gloves
MR     +....                    (boots unavailable)
Stlth  ++........               v - amulet of magic regeneration
                                u - ring of protection from magic
                                C - ring of magical power

@: repel missiles
A: beak, talons 3, able to fly 1
a: Fly, Renounce Religion


You were on level 6 of the Dungeon.
You worshipped Vehumet.
Vehumet was most pleased with you.
You were very hungry.

You visited 1 branch of the dungeon, and saw 6 of its levels.
You also visited: Sewer.

You collected 276 gold pieces.

Inventory:

Hand Weapons
 a - a +1 spear of piercing (weapon)
 E - a +0 mace
 G - a +0 falchion of flaming
Missiles
 e - 154 stones (quivered)
 j - 13 poisoned needles
Armour
 f - a +0 robe
 l - a +2 buckler (worn)
 r - a +0 pair of gloves (worn)
 H - a +0 cloak (worn)
 I - a +0 leather armour (worn)
Jewellery
 n - an uncursed ring of see invisible
 u - a ring of protection from magic (right hand)
 v - an amulet of magic regeneration (around neck)
 C - a ring of magical power (left hand)
Wands
 y - a wand of slowing (20/48)
Scrolls
 d - a scroll of recharging
 p - a scroll of enchant armour {unknown}
 q - a scroll of enchant weapon {unknown}
 s - a scroll of teleportation
 t - a scroll of amnesia {unknown}
 w - a scroll of magic mapping
Potions
 h - 4 potions of curing
 k - a potion of lignification
 o - a potion of invisibility {unknown}
 z - 2 potions of flight {unknown}
 A - a potion of heal wounds {unknown}
 B - a potion of might {unknown}
 D - a potion of magic {unknown}
Books
 b - a book of Air

   Spells                             Type                      Level
   a - Shock                          Conjuration/Air              1
   b - Swiftness                      Charms/Air                   2
   c - Repel Missiles                 Charms/Air                   2
   d - Static Discharge               Conjuration/Air              3
   e - Lightning Bolt                 Conjuration/Air              5
Comestibles
 c - 5 bread rations
 g - 2 meat rations
 x - 5 fruits
 F - a beef jerky


   Skills:
 + Level 2.8 Fighting
 + Level 3.2 Armour
 - Level 2.1 Dodging
 - Level 2.0 Stealth
 - Level 4.0 Shields
 - Level 4.2 Spellcasting
 - Level 6.0 Conjurations
 - Level 7.1 Air Magic


You had 2 spell levels left.
You knew the following spells:

 Your Spells              Type           Power        Failure   Level  Hunger
a - Shock                 Conj/Air       ####         1%          1    None
b - Repel Missiles        Chrm/Air       ###...       10%         2    ##.....
c - Swiftness             Chrm/Air       ###.....     10%         2    ##.....
d - Static Discharge      Conj/Air       ####....     1%          3    ###....
e - Lightning Bolt        Conj/Air       ####......   11%         5    ######.


Dungeon Overview and Level Annotations

Branches:
Dungeon (6/15)
 Temple: D:4-7

Altars:
Ashenzari
Elyvilon
Fedhas
Kikubaaqudgha
Nemelex Xobeh
Okawaru
Sif Muna
Trog
Vehumet
Yredelemnul

Shops:
D:5 :


Innate Abilities, Weirdness & Mutations

You have a beak for a mouth.
You have claws for feet.
You can fly.


Message History

The ogre is moderately wounded.
The lightning arcs!
The centaur zombie is struck by lightning.
The centaur zombie is severely damaged.
The lightning arcs!
You are struck by lightning.
The lightning grounds out.
The centaur zombie is struck by lightning.
You destroy the centaur zombie!
Vehumet accepts your kill.
The lightning grounds out.
The ogre hits you with a giant club!!
Casting: Static Discharge
Confirm with . or Enter, or press ? or * to list all spells.
Aiming: Lightning Bolt
Press: ? - help, Shift-Dir - straight line You hear a mighty clap of thunder!
The bolt of lightning misses the ogre.
The bolt of lightning hits the ogre.
The ogre is severely wounded.
You hear a shout!
You hear an angry hiss.
The ogre hits you with a giant club!!
Ouch! That really hurt!
You die...

##.#..# .
#######....#
#.........##
#.........# # .
#........## )# ..
..........####.#...
#.............a....
..........#...####
..#..#..###@..#
..#.##.## #.O.#
..#.. #.#.# #.#
..#.# .. .##.. ##
##


You could see an ogre and a worker ant.

Vanquished Creatures
  2 eyes of draining (D:4)
  2 centaurs
  3 big kobolds (Sewer)
  A hound (D:5)
  A jelly (D:5)
  2 centaur zombies
  2 orc wizards (D:5)
  A bullfrog skeleton (D:4)
  2 iguanas
  2 worker ants
  A worker ant zombie (D:5)
  12 adders
  A howler monkey skeleton (D:6)
  9 river rats
  A shadow imp (D:5)
  6 oozes
  2 worms (Sewer)
  5 dart slugs
  4 leopard geckos
  9 orcs
  4 ball pythons
  4 giant cockroaches
  10 goblins
  7 hobgoblins
  10 jackals
  14 kobolds
  A quokka (D:3)
  5 bats
  A frilled lizard (D:2)
  A jackal skeleton (D:4)
  A quokka skeleton (D:4)
  38 rats
164 creatures vanquished.

Notes
Turn   | Place    | Note
-------+----------+-------------------------------------------
     0 | D:1      | mike2R the Tengu Air Elementalist began the quest for the Orb.
     0 | D:1      | Reached XP level 1. HP: 10/10 MP: 4/4
   129 | D:1      | Reached XP level 2. HP: 14/15 MP: 1/6
   260 | D:1      | Learned a level 2 spell: Repel Missiles
   263 | D:1      | Learned a level 2 spell: Swiftness
   844 | D:1      | Reached XP level 3. HP: 19/19 MP: 5/7
  1770 | D:2      | Reached skill level 1 in Shields
  1845 | D:2      | Found a radiant altar of Vehumet.
  1849 | D:2      | Became a worshipper of Vehumet
  1873 | D:2      | Reached XP level 4. HP: 10/24 MP: 4/8
  2302 | D:2      | Reached skill level 5 in Air Magic
  2307 | D:2      | Learned a level 3 spell: Static Discharge
  2588 | D:2      | Found a deep blue altar of Sif Muna.
  2593 | D:2      | Found a shattered altar of Ashenzari.
  2629 | D:2      | Found a sparkling altar of Nemelex Xobeh.
  2634 | D:2      | Found a blossoming altar of Fedhas.
  2645 | D:2      | Found an ancient bone altar of Kikubaaqudgha.
  2655 | D:2      | Found a basalt altar of Yredelemnul.
  2660 | D:2      | Found a white marble altar of Elyvilon.
  3494 | D:3      | Gained mutation: You can fly. [Tengu growth]
  3494 | D:3      | Reached XP level 5. HP: 28/28 MP: 7/10
  3872 | D:4      | Found a glowing drain.
  3956 | Sewer    | Entered a sewer
  3980 | Sewer    | Reached * piety under Vehumet
  3980 | Sewer    | Offered knowledge of Freeze by Vehumet.
  4855 | Sewer    | Noticed a big kobold
  4864 | Sewer    | Reached XP level 6. HP: 32/32 MP: 3/11
  5213 | Sewer    | Reached skill level 6 in Air Magic
  5214 | Sewer    | Reached XP level 7. HP: 33/36 MP: 5/13
  5851 | D:4      | Reached skill level 5 in Conjurations
  5928 | D:4      | Found a bloodstained altar of Trog.
  6347 | D:5      | Entered Level 5 of the Dungeon
  6354 | D:5      | Learned a level 5 spell: Lightning Bolt
  6432 | D:5      | Offered knowledge of Magic Dart by Vehumet.
  6433 | D:5      | Reached ** piety under Vehumet
  6505 | D:5      | Reached skill level 7 in Air Magic
  6505 | D:5      | Reached XP level 8. HP: 8/41 MP: 15/15
  6828 | D:5      | Found an iron altar of Okawaru.
  6860 | D:5      | Offered knowledge of Throw Frost by Vehumet.
  6880 | D:5      | Reached skill level 1 in Armour
  6917 | D:5      | Reached skill level 1 in Fighting
  7109 | D:5      | Found Aziukhopy's Book Shop.
  7191 | D:5      | Reached *** piety under Vehumet
  7609 | D:6      | Slain by an ogre

Skill      XL: |  1  2  3  4  5  6  7  8 |
---------------+-------------------------+-----
Conjurations   | 2 3 4 6 |  6.0
Shields        | 1 2 3 4 |  4.0
Air Magic      | 5 6 7 |  7.1
Spellcasting   | 3 4 |  4.2
Armour         | 3 |  3.2
Fighting       | 2 |  2.8
Dodging        | |  2.1
Stealth        | |  2.0

Action                   |  1- 3 |  4- 6 |  7- 9 || total
-------------------------+-------+-------+-------++-------
Melee: Unarmed           |    12 |       |       ||    12
       Peck              |     7 |     5 |    10 ||    22
       Kick              |     3 |     5 |    10 ||    18
       Dagger            |    22 |     7 |       ||    29
       Spear             |       |    22 |    49 ||    71
Throw: Stone             |     1 |       |       ||     1
 Cast: Shock             |    66 |   127 |   122 ||   315
       Repel Missiles    |     2 |       |       ||     2
       Swiftness         |       |     2 |       ||     2
       Static Discharge  |       |     7 |     4 ||    11
       Lightning Bolt    |       |       |     3 ||     3
 Abil: Fly               |       |     1 |       ||     1
Evoke: Wand              |       |     1 |       ||     1
  Use: Scroll            |     1 |     1 |     3 ||     5
 Stab: Sleeping          |       |     1 |       ||     1
  Eat: Chunk             |     4 |    12 |     7 ||    23
Armor: Robe              |     1 |     8 |     7 ||    16
       Leather armour    |       |       |     1 ||     1
Dodge: Dodged            |    25 |    21 |    25 ||    71
       Deflected         |     1 |     1 |     3 ||     5
Block: Buckler           |     2 |    10 |    16 ||    28
